 Dungeon Crawl Stone Soup version 0.24.0-13-gcf9b3192b9 (webtiles) character file.

Game seed: 1323976530338575535, levelgen mode: deterministic

44 EriolAelfwine the Charmwright (level 3, 0/27 HPs)
             Began as a Merfolk Skald on Nov 10, 2019.
             Slain by a hobgoblin (4 damage)
             ... on level 2 of the Dungeon.
             The game lasted 00:03:59 (1674 turns).

EriolAelfwine the Charmwright (Merfolk Skald)       Turns: 1674, Time: 00:03:59

Health: 0/27       AC:  4    Str: 12    XL:     3   Next: 62%
Magic:  6/6        EV: 12    Int: 12    God:
Gold:   122        SH:  0    Dex: 13    Spells: 6/7 levels left

rFire    . . .     SeeInvis .   a - +0 spear
rCold    . . .     Gourm    .   (no shield)
rNeg     . . .     Faith    .   b - +0 leather armour
rPois    .         Spirit   .   (no helmet)
rElec    .         Reflect  .   (no cloak)
rCorr    .         Harm     .   (no gloves)
MR       .....                  h - +0 pair of boots
Stlth    +.........             (no amulet)
HPRegen  0.09/turn              (no ring)
MPRegen  0.10/turn              (no ring)

@: infused
A: change form in water, swift swim, stealthy swim
a: no special abilities


You were on level 2 of the Dungeon.
You were not hungry.

You visited 1 branch of the dungeon, and saw 2 of its levels.

You collected 122 gold pieces.

Inventory:

Hand Weapons
 a - a +0 spear (weapon)
 l - a +1 dagger of protection
Armour
 b - a +0 leather armour (worn)
 h - a +0 pair of boots (worn)
Scrolls
 e - 2 scrolls of identify {unknown}
 g - a scroll of remove curse {unknown}
 i - a scroll of enchant armour {unknown}
 j - a scroll of enchant weapon {unknown}
 m - a scroll of magic mapping {unknown}
Potions
 c - a potion of curing {unknown}
 f - 2 potions of might {unknown}
 k - a potion of heal wounds {unknown}
Comestibles
 d - 2 rations
 n - 5 chunks of flesh


   Skills:
 - Level 2.1 Fighting
 - Level 3.0 Polearms
 - Level 0.6 Armour
 - Level 2.6 Dodging
 + Level 2.6 Spellcasting
 * Level 4.5 Charms


You had 6 spell levels left.
You knew the following spells:

 Your Spells              Type           Power        Failure   Level  Hunger
a - Infusion              Chrm           ##..         5%          1    #......

Your spell library contained the following spells:

 Spells                   Type           Power        Failure   Level  Hunger
 Song of Slaying          Chrm           ##......     8%          2    ###....
 Shroud of Golubria       Chrm/Tloc      #.....       21%         2    ###....
 Regeneration             Chrm/Necr      #.........   36%         3    ###....
 Spectral Weapon          Hex/Chrm       #.......     36%         3    ###....


Dungeon Overview and Level Annotations

Branches:
Dungeon (2/15)

Altars:
Zin


Message History

A hobgoblin is nearby!
You start resting.
The hobgoblin is too close now for your liking.
A hobgoblin is nearby!
The hobgoblin shouts!
Casting: Infusion (safe; 5% risk of failure)
Confirm with . or Enter, or press ? or * to list all spells.
You begin infusing your attacks with magical energy.
You are too injured to fight recklessly!
You barely miss the hobgoblin. The hobgoblin closely misses you.
You closely miss the hobgoblin. The hobgoblin hits you.
* * * LOW HITPOINT WARNING * * *
A giant cockroach comes into view.
You closely miss the hobgoblin. The hobgoblin misses you.
You closely miss the hobgoblin. The hobgoblin hits you.
* * * LOW HITPOINT WARNING * * *
You closely miss the hobgoblin. The hobgoblin barely misses you.
You barely miss the hobgoblin. The hobgoblin barely misses you.
You closely miss the hobgoblin. The hobgoblin hits you.
You die...

...# ##.##.........#
...####
#..#.........#
......#
##.#.........#
...##.# #...........#
...# # ##..........#
...# #..........#
...# ##.........#
...# #.###'##### .(.#
#####.###@# ...#
#.......#g# ...##
#.......#s#
#####'##.......#.#
...........s.#.#
........####.#.######
........# #†.........
.....g..# #..........
........#
............


You could see a giant cockroach and a hobgoblin.

Vanquished Creatures
  2 worms (D:2)
  2 dart slugs
  A leopard gecko (D:1)
  3 goblins
  5 hobgoblins
  2 jackals (D:1)
  6 kobolds
  A quokka (D:2)
  4 bats
  2 frilled lizards (D:1)
  7 rats
35 creatures vanquished.

Notes
Turn   | Place    | Note
-------+----------+-------------------------------------------
     0 | D:1      | EriolAelfwine the Merfolk Skald began the quest for the
                  | Orb.
     0 | D:1      | Reached XP level 1. HP: 16/16 MP: 3/3
   219 | D:1      | Reached XP level 2. HP: 17/22 MP: 5/5
   567 | D:1      | Reached skill level 4 in Charms
  1097 | D:2      | Reached XP level 3. HP: 27/27 MP: 6/6
  1168 | D:2      | Found a glowing silver altar of Zin.
  1674 | D:2      | Slain by a hobgoblin

Levels and vault maps discovered:
D:1:      wander_arrival_abandoned_jail, layout_basic, minmay_misc_feat_iff,
          st_stairs_5
D:2:      layout_basic, marbit_many_paths, hangedman_decor_clover_reticule

Skill      XL: |  1  2 |
---------------+-------+-----
Charms         | 4 |  4.5
Fighting       | |  2.1
Polearms       | |  3.0
Armour         | |  0.6
Dodging        | |  2.6
Spellcasting   | |  2.6

Action                   || total
-------------------------++-------
Melee: Spear             ||   156
 Cast: Infusion          ||     6
 Stab: Sleeping          ||     3
  Eat: Chunk             ||     3
Armor: Leather armour    ||    23
Dodge: Dodged            ||    84
